 Dungeon Crawl Stone Soup version 0.28-a0-1033-g1a2f33fa85 (webtiles) character file.

Game seed: 10527605735165508585

478 siradein the Ruffian (level 6, -3/51 HPs)
             Began as a Draconian Transmuter on Dec 7, 2021.
             Was a Follower of Uskayaw.
             Succumbed to a gnoll sergeant's poison
             ... on level 4 of the Dungeon.
             The game lasted 00:09:41 (4195 turns).

siradein the Ruffian (Draconian Transmuter)         Turns: 4195, Time: 00:09:41

Health: -3/51      AC:  2    Str: 13    XL:     6   Next: 85%
Magic:  9/11       EV: 20    Int: 15    God:    Uskayaw [*.....]
Gold:   79         SH:  0    Dex: 16    Spells: 5/11 levels left

rFire   . . .      SeeInvis .     - Unarmed
rCold   . . .      Faith    .   (shield currently unavailable)
rNeg    . . .      Spirit   .   (armour unavailable)
rPois   x          Reflect  .   (helmet currently unavailable)
rElec   .          Harm     .   (cloak currently unavailable)
rCorr   .          Rampage  .   (gloves currently unavailable)
Will    .....                   (boots currently unavailable)
Stlth   +.........              h - amulet of regeneration
HPRegen 0.97/turn               (no ring)
MPRegen 0.12/turn               (no ring)

@: lethally poisoned (-3 -> -17), spider-form (expiring)
A: venomous fangs, AC +6, tiny, unfitting armour, (cold-blooded)
a: End Transformation, Renounce Religion, Stomp


You were on level 4 of the Dungeon.
You worshipped Uskayaw.
Uskayaw was noncommittal.
You were a venomous arachnid creature.
You visited 1 branch of the dungeon, and saw 4 of its levels.

You collected 79 gold pieces.

Inventory:

Jewellery
 h - an amulet of regeneration (around neck)
Wands
 l - a wand of acid (8)
Scrolls
 a - a scroll of immolation {unknown}
 b - 4 scrolls of teleportation
 c - a scroll of fog
 j - a scroll of vulnerability
Potions
 d - a potion of attraction
 e - 2 potions of berserk rage
 f - 3 potions of curing {unknown}
 g - a potion of mutation {unknown}
 i - 2 potions of flight {unknown}
 k - a potion of heal wounds {unknown}
 m - a potion of haste {unknown}


   Skills:
 + Level 3.5 Fighting
 + Level 3.3 Dodging
 + Level 4.3 Unarmed Combat
 + Level 3.4 Spellcasting
 + Level 3.7 Transmutations


You had 5 spell levels left.
You knew the following spells:

 Your Spells              Type           Power      Damage    Failure   Level
a - Beastly Appendage     Tmut           26%        N/A       13%         1
b - Wereblood             Tmut           13%        N/A       17%         2
c - Spider Form           Tmut/Pois      8%         N/A       47%         3

Your spell library contained the following spells:

 Spells                   Type           Power      Damage    Failure   Level
 Ice Form                 Ice/Tmut       8%         N/A       83%         4


Dungeon Overview and Level Annotations

Branches:
Dungeon (4/15)
 Temple: D:4-7

Altars:
Hepliaklqana
Uskayaw
Vehumet

Annotations:
D:3 exclusion: statue


Innate Abilities, Weirdness & Mutations

You are a venomous arachnid creature.
You have poisonous fangs.
You are tiny and dextrous.
Your spellcasting is less reliable in this form.
Your armour is entirely melded.
You are incapable of wielding weapons or throwing items.
((Your plain brown scales are hard. (AC +6)))
You cannot fit into any form of body armour.
((You are cold-blooded and may be slowed by cold attacks.))


Message History

The endoplasm barely misses you.
You hit the endoplasm.
You kill the endoplasm!
You hit the dart slug.
The dart slug is moderately wounded.
You hit the dart slug.
You claw the dart slug, but do no damage.
You headbutt the dart slug.
The dart slug is almost dead.
The dart slug barely misses you.
You hit the dart slug but do no damage. You tail-slap the dart slug.
You kill the dart slug!
Things that are here:
a dart slug corpse; a ball python corpse
m - a smoky purple potion A gnoll sergeant comes into view.
It is wielding a +3 spear of venom.
Casting: Beastly Appendage (safe; 4% risk of failure)
Confirm with . or Enter, or press ? or * to list all spells.
Your horns disappear.
Your talons disappear.
You turn into a venomous arachnid creature.
Found 15 stones. 2 gnolls come into view.
The gnoll sergeant hits you from afar with a +3 spear of venom!
You are poisoned.
The gnoll moves out of view.
You feel very sick. The gnoll sergeant barely misses you.
You hit the gnoll sergeant but do no damage.
You feel very sick.
The gnoll sergeant hits you with a +3 spear of venom!
You are more poisoned.
You hit the gnoll sergeant.
The gnoll sergeant is poisoned.
The gnoll sergeant is moderately wounded.
You feel extremely sick.
The gnoll sergeant hits you with a +3 spear of venom!
* * * LOW HITPOINT WARNING * * *
Your transformation is almost over.
* * * LOW HITPOINT WARNING * * *
You feel extremely sick.
You die...

# g... #.# #. #.#.
#.##### .. ... #......
#.#.( ####### ..g
#g##### #....######
#.......... ##..s...###
#.......# ####.###
....#.##...# #.......
..####.##...# #.##....
#####.##†#.######.######
........###.............
......##.#.######.######
###### ##..######.#
##........#


You could see a gnoll sergeant (very poisoned) and a gnoll.

Vanquished Creatures
  Duvessa (D:4)
  An ogre (D:3)
  Dowan (D:4)
  An orc priest (D:3)
  Jessica (D:3)
  Terence (D:2)
  2 orc wizards
  A gnoll (D:1)
  An adder (D:4)
  A worm (D:2)
  3 dart slugs
  8 orcs
  A bat (D:2)
  4 endoplasms
  5 giant cockroaches
  5 goblins
  6 hobgoblins
  14 jackals
  2 kobolds
  2 quokkas
  11 ball pythons
  2 frilled lizards (D:1)
  3 rats (D:1)
77 creatures vanquished.

Notes
Turn   | Place    | Note
-------+----------+-------------------------------------------
     0 | D:1      | siradein the Draconian Transmuter began the quest for the
                  | Orb.
     0 | D:1      | Reached XP level 1. HP: 16/16 MP: 3/3
   207 | D:1      | Reached XP level 2. HP: 22/23 MP: 3/5
   668 | D:1      | Learned a level 2 spell: Wereblood
   685 | D:1      | Reached XP level 3. HP: 29/29 MP: 4/6
  1283 | D:2      | Noticed Terence
  1488 | D:2      | Reached XP level 4. HP: 26/36 MP: 7/7
  1634 | D:2      | Killed Terence
  2866 | D:2      | Found a faded altar of an unknown god.
  3186 | D:3      | Reached XP level 5. HP: 41/42 MP: 9/9
  3192 | D:3      | Learned a level 3 spell: Spider Form
  3242 | D:3      | Found a hazy altar of Hepliaklqana.
  3242 | D:3      | Found a hide-covered altar of Uskayaw.
  3282 | D:3      | Noticed Jessica
  3287 | D:3      | Killed Jessica
  3411 | D:3      | Became a worshipper of Uskayaw the Reveller
  3556 | D:3      | Found a radiant altar of Vehumet.
  3556 | D:3      | Noticed a charred statue
  3828 | D:4      | Noticed an ogre
  3833 | D:4      | Reached * piety under Uskayaw
  3845 | D:3      | Killed an ogre
  3846 | D:3      | Reached skill level 4 in Unarmed Combat
  3846 | D:3      | Reached XP level 6. HP: 29/51 MP: 7/10
  3894 | D:4      | Reached ** piety under Uskayaw
  3941 | D:4      | Noticed Dowan
  3957 | D:4      | Noticed Duvessa
  3971 | D:4      | Killed Duvessa
  3977 | D:4      | Killed Dowan
  3979 | D:4      | Reached *** piety under Uskayaw
  4194 | D:4      | HP: 1/51 [poisoned by a gnoll sergeant]
  4195 | D:4      | Succumbed to a gnoll sergeant's poison

Illustrated notes

Levels and vault maps discovered:
D:1:      dpeg_arrival_oval, layout_loops_ring
D:2:      layout_basic, basic_ecumenical_altar, uniq_terence
D:3:      layout_loops_ring, vehumet_statue,
          chequers_temple_overflow_statue_of_worship, minmay_misc_feat_enclosed,
          kennysheep_boxes, uniq_jessica
D:4:      layout_loops_ring, minmay_temple_entry_sparse_star,
          due_unseen_surprise, uniq_duvessa

Skill      XL: |  1  2  3  4  5 |
---------------+----------------+-----
Dodging        | 2 3 |  3.3
Fighting       | 2 3 |  3.5
Transmutations | 3 |  3.7
Unarmed Combat | 4 |  4.3
Spellcasting   | 3 |  3.4

Action                   |  1- 3 |  4- 6 || total
-------------------------+-------+-------++-------
Melee: Unarmed           |   111 |   158 ||   269
       Kick              |    20 |    29 ||    49
       Tailslap          |     9 |    11 ||    20
       Headbutt          |     9 |    15 ||    24
       Punch             |       |     3 ||     3
 Cast: Beastly Appendage |    21 |    24 ||    45
       Spider Form       |       |     3 ||     3
  Use: Scroll            |       |     5 ||     5
Armor: Skin              |    37 |    40 ||    77
Dodge: Dodged            |    83 |    84 ||   167

Table legend: (Time is in decaauts)
 A = Elapsed time spent in this place.
 B = Non-inter-level travel time spent in this place.
 C = Inter-level travel time spent in this place.
 D = Time resting spent in this place.
 E = Time spent auto-exploring this place.
 F = Levels seen in this place.
 G = Mean time per level.
                   A        B        C        D        E       F      G
               +--------+--------+--------+--------+--------+-----+--------+
         Total |   4182 |   4091 |     91 |     22 |   3262 |   4 | 1045.5 |
       Dungeon |   4182 |   4091 |     91 |     22 |   3262 |   4 | 1045.5 |
               +--------+--------+--------+--------+--------+-----+--------+

Top non-repeatable levels by time:
     D:2: 1610 daAuts
     D:1: 1451 daAuts
     D:3: 774 daAuts
     D:4: 347 daAuts
